AoeStats
← paleshady

Arabian Desert

509660346Analyzed
1v1 RM · 3d ago on Sep 27, 2026· 49m 20s· 2 players
Game mode
Random Map
Map size
Tiny (2 player)
Population
200
Speed
Normal
Resources
Standard
Victory
Conquest
Starting age
Dark Age
Ending age
Imperial Age
RankedLock teamsTeams togetherTeam positionsShared explorationLock speedFull tech treeHidden civsTurbo modeCheats
Victory
Defeat
🇿🇦 Varangians · South Africa
1058
+16
🇬🇧 Teutons · United Kingdom
1056
-16
13Powerclub13
7:23 Loom
9:34 Feudal Age
12:05 Man-at-Arms
15:19 Double-Bit Axe
15:18 Horse Collar
23:39 Castle Age
22:57 Scale Barding Armor
24:52 Scale Mail Armor
25:03 Forging
28:23 Pikeman
29:03 Squires
32:48 Gambesons
32:49 Arson
36:45 Bloodlines
42:11 Imperial Age
42:45 Guard Tower
43:57 Chemistry
43:00 Padded Archer Armor
42:51 Fletching
43:51 Cavalier
48:58 Ballistics
paleshady
7:48 Loom
11:01 Feudal Age
14:53 Castle Age
15:34 Scale Barding Armor
15:40 Forging
21:43 Gold Mining
25:30 Iron Casting
31:22 Double-Bit Axe
31:50 Horse Collar
33:13 Chain Barding Armor
33:51 Bloodlines
36:43 Ballistics
45:17 Imperial Age
44:41 Husbandry
46:27 Elite Jarl
47:59 Plate Barding Armor
48:24 Blast Furnace
Connection lost

Rejoining the realm…

Still unreachable

The connection could not be restored.

Session expired

The server has moved on; the page needs a fresh start.